 Dungeon Sprint DCSS version 0.29-a0-468-ge57f7f99b4 (webtiles) character file.

Game seed: 5188593785687273642

16601 mhtbhm the Warrior (level 12, -12/192 HPs)
             Began as a Green Draconian Berserker on May 21, 2022.
             Was the Champion of Trog.
             Shot with an arrow by a deep elf master archer (35 damage)
             ... in the Dungeon (Sprint I: "Red Sonja").
             The game lasted 00:10:56 (4760 turns).

mhtbhm the Warrior (Green Draconian Berserker)      Turns: 4760, Time: 00:10:56

Health: -12/192    AC:  1    Str: 31    XL:     12   Next: 11%
Magic:  4/4        EV: 24    Int: 13    God:    Trog [******]
Gold:   1120       SH:  5    Dex: 16    Spells: 11/11 levels left

rFire   + . .      SeeInvis +   a - +5 dire flail (antimagic)
rCold   . . .      Faith    .   (shield currently unavailable)
rNeg    . . .      Spirit   .   (body armour unavailable)
rPois   +          Reflect  +   (helmet restricted)
rElec   .          Harm     .   (no cloak)
rCorr   .          Rampage  .   w - +0 pair of fencer's gloves {Riposte Dex+3}
Will    .....      NoTele   +   (no boots)
Stlth   ..........              y - amulet "Gucibb" {Reflect rC+ Str+4 SH+5 SInv}
HPRegen 0.42/turn               r - +4 ring of evasion
MPRegen 0.09/turn               t - ring "Iclolo" {Fire Fly Str+4 Int+4 Dex+2}

@: berserking (expiring), corroded, flying, very quick
A: breathe noxious fumes, AC +8, unfitting armour, poison resistance,
cold-blooded
a: Breathe Noxious Fumes, Renounce Religion, Berserk, Trog's Hand, Brothers in
Arms


You were in the Dungeon.
You worshipped Trog.
Trog was exalted by your worship.
You visited 1 branch You collected 5682 gold pieces.
You spent 4562 gold pieces at shops.

Inventory:

Hand Weapons
 a - a +5 antimagic dire flail (weapon)
 s - the +9 sword of Zonguldrok {reap}
   (Trog gifted it to you in the Dungeon)

   Any living foe damaged by it may be reanimated upon death as a zombie
   friendly to the wielder, with an increasing chance as more damage is dealt.
Missiles
 k - 5 boomerangs
 m - 3 curare-tipped darts (quivered)
Armour
 w - the +0 pair of fencer's gloves (worn) {Riposte Dex+3}
   (You acquired it in the Dungeon)

   It allows the wearer to riposte with melee weapons, swiftly retaliating
   against missed or blocked attacks.
   Dex:       It affects your dexterity (+3).
Jewellery
 r - a +4 ring of evasion (left hand)
 t - the ring "Iclolo" (right hand) {Fire Fly Str+4 Int+4 Dex+2}
   (You bought it in a shop in the Dungeon)

   [ring of fire]

   It enhances your fire magic.
   Str:       It affects your strength (+4).
   Int:       It affects your intelligence (+4).
   Dex:       It affects your dexterity (+2).
   rF:        It protects you from fire.
   rC:        It makes you vulnerable to cold.
   Fly:       It grants you flight.
 v - a ring of ice
 y - the amulet "Gucibb" (around neck) {Reflect rC+ Str+4 SH+5 SInv}
   (You acquired it in the Dungeon)

   [amulet of reflection]

   It reflects blocked missile attacks.
   Str:       It affects your strength (+4).
   rC:        It protects you from cold.
   SInv:      It lets you see invisible.
   SH:        It affects your SH (+5).
Wands
 h - a wand of iceblast (7)
 x - a wand of flame (28)
Scrolls
 g - a scroll of blinking
 j - a scroll of fear
 p - a scroll of amnesia {unknown}
 q - a scroll of enchant armour {unknown}
 A - a scroll of immolation
 C - a scroll of identify
Potions
 b - 11 potions of curing
 c - 5 potions of heal wounds
 d - 6 potions of haste
 e - 2 potions of magic
 f - 2 potions of berserk rage
 i - a potion of ambrosia
 l - 2 potions of mutation
 n - a potion of might
 o - 2 potions of brilliance {unknown}
 u - 3 potions of attraction
 z - a potion of invisibility {unknown}
Miscellaneous
 B - a box of beasts


   Skills:
 + Level 18.6 Fighting
 + Level 17.6 Maces & Flails
 + Level 5.8 Throwing
 + Level 13.6 Dodging
 + Level 11.6 Stealth
 + Level 1.1 Shields
 + Level 3.7 Evocations


You had 11 spell levels left.
You didn't know any spells.
Your spell library was empty.

Dungeon Overview and Level Annotations

Branches:
Dungeon (1/1)

Altars:
Cheibriados
Dithmenos
Elyvilon
Fedhas
Gozag
Hepliaklqana
Kikubaaqudgha
Makhleb
Nemelex Xobeh
Okawaru
Qazlal
Ru
Sif Muna
Trog
Uskayaw
Vehumet
Wu Jian
Xom
Yredelemnul
Zin
The Shining One
Jiyva
Lugonu

Shops:
D *!:**(*([[[([([[=!


Innate Abilities, Weirdness & Mutations

You can breathe blasts of noxious fumes.
Your lurid green scales are hard. (AC +8)
You cannot fit into any form of body armour.
Your system is resistant to poisons. (rPois)
You are cold-blooded and may be slowed by cold attacks.


Message History

The mummy priest invokes the aid of its god against you.
Something smites you!
You hit the mummy priest.
The mummy priest is severely damaged.
You barely miss the mummy priest. You tail-slap the mummy priest!
The mummy priest is almost destroyed.
The deep elf master archer shoots an arrow.
The arrow hits you!! The oklob plant spits acid at you.
The splash of acid hits you!!
* * * LOW HITPOINT WARNING * * *
You bludgeon the oklob plant!!
You tail-slap the oklob plant, but do no damage.
The oklob plant is heavily damaged.
The mummy priest hits you.
* * * LOW HITPOINT WARNING * * *
Unknown command.
You spit the oklob plant like a pig!!!
You destroy the oklob plant!
Trog accepts your kill.
Unknown command.
You bludgeon the mummy priest!!
You feel the power of Trog in you as your rage grows.
You destroy the mummy priest!
Trog accepts your kill.
You feel extremely nervous for a moment...
Your scales prickle.
Your Shields skill increases to level 1!
You miss the deep elf master archer.
Your tail-slap misses the deep elf master archer.
The deep elf master archer shoots an arrow.
The arrow hits you!!
* * * LOW HITPOINT WARNING * * *
You bludgeon the deep elf master archer!!
The deep elf master archer is heavily wounded.
You barely miss the deep elf master archer.
The deep elf master archer is heavily wounded.
The deep elf master archer shoots an arrow.
The arrow hits you!!
You die...

'.#'#.###+#
#..#.§...#...#
###...#y#
#))##..§.#[∩.#
..#...###
#..≈###'##...#
..°..°..#
#).≈.[#.####'#
..#.....#
#..≈(##'#§§.§##
°○###++##
#..≈##...§§§..##
○###..##
###..≈#....§§§.§.#
.####..###
#.≈..##..§.§§§...##
'#..#..#.###
#.≈@.#...§.[§§.§§§#
)#.........#
###e.#.....§§..§..#
##....○....#
'..##..........##
.'....○○####
.##'##..........#
###...### #.
≈≈##........##
##### #
≈≈≈##..[.))##
≈≈≈≈######## ≈≈≈≈


You could see a deep elf master archer.

Vanquished Creatures
  A shadow dragon (D)
  A lorocyproca (D)
  A deep elf annihilator (D)
  A mummy priest (D)
  A hydra (D)
  2 centaur warriors (D)
  Sonja (D)
  A deep troll (D)
  A lindwurm (D)
  2 oklob plants (D)
  2 merfolk sirens (D)
  2 gargoyles (D)
  2 kobold demonologists (D)
  2 unseen horrors (D)
  3 demonic crawlers (D)
  A hellwing (D)
  3 hornets (D)
  A slime creature (D)
  Sigmund (D)
  A yak (D)
  13 hogs (D)
  2 redbacks (D)
  3 floating eyes (D)
  An ogre (D)
  7 necrophages (D)
  8 jellies (D)
  Ijyb (D)
65 creatures vanquished.

Vanquished Creatures (collateral kills)
  A golden dragon (D)
  A demonic crawler (D)
2 creatures vanquished.

Vanquished Creatures (others)
  2 hornets (D)
  2 ballistomycete spores (D)
4 creatures vanquished.

Grand Total: 71 creatures vanquished

Notes
Turn   | Place    | Note
-------+----------+-------------------------------------------
     0 | D        | mhtbhm the Draconian Berserker began the quest for the Orb.
     0 | D        | Reached XP level 1. HP: 19/19 MP: 1/1
     1 | D        | Noticed Ijyb
     5 | D        | Killed Ijyb
     6 | D        | Reached skill level 4 in Fighting
     6 | D        | Reached XP level 2. HP: 28/28 MP: 2/2
   152 | D        | Noticed an ogre
   157 | D        | Killed an ogre
   158 | D        | Reached skill level 6 in Fighting
   158 | D        | Reached skill level 5 in Dodging
   158 | D        | Reached XP level 3. HP: 38/38 MP: 3/3
   158 | D        | Reached XP level 4. HP: 45/45 MP: 4/4
   226 | D        | Noticed Sigmund
   230 | D        | Killed Sigmund
   230 | D        | Reached ** piety under Trog
   231 | D        | Reached skill level 8 in Fighting
   231 | D        | Reached XP level 5. HP: 55/55 MP: 5/5
   358 | D        | Found an ornate altar of the Wu Jian Council.
   358 | D        | Found a shimmering blue altar of Sif Muna.
   360 | D        | Found a radiant altar of Vehumet.
   368 | D        | Reached XP level 6. HP: 39/62 MP: 6/6
   536 | D        | Found Jeg Fyxkeih's Distillery.
   536 | D        | Found an ancient bone altar of Kikubaaqudgha.
   536 | D        | Found a hazy altar of Hepliaklqana.
   536 | D        | Found a stormy altar of Qazlal.
   536 | D        | Found a hide-covered altar of Uskayaw.
   536 | D        | Found a blossoming altar of Fedhas.
   536 | D        | Found a bloodstained altar of Trog.
   536 | D        | Found an iron altar of Okawaru.
   536 | D        | Found a basalt altar of Yredelemnul.
   536 | D        | Found a glowing golden altar of the Shining One.
   536 | D        | Found a snail-covered altar of Cheibriados.
   536 | D        | Found a sacrificial altar of Ru.
   536 | D        | Found a glowing silver altar of Zin.
   536 | D        | Found a shadowy altar of Dithmenos.
   536 | D        | Found a white marble altar of Elyvilon.
   536 | D        | Noticed a yak
   537 | D        | Found an opulent altar of Gozag.
   548 | D        | Killed a yak
   549 | D        | Reached skill level 9 in Fighting
   549 | D        | Reached skill level 1 in Stealth
   549 | D        | Found a sparkling altar of Nemelex Xobeh.
   553 | D        | Bought a potion of heal wounds for 55 gold pieces
   553 | D        | Bought a potion of heal wounds for 55 gold pieces
   810 | D        | Bought a potion of mutation for 88 gold pieces
   819 | D        | Noticed Sonja
   822 | D        | Killed Sonja
   823 | D        | Reached skill level 11 in Fighting
   823 | D        | Reached skill level 1 in Evocations
   823 | D        | Your scales start taking on a lurid green colour.
   823 | D        | Reached XP level 7. HP: 30/74 MP: 7/7
   823 | D        | Gained mutation: Your system is resistant to poisons.
                  | (rPois) [Green Draconian growth]
  1095 | D        | Found Aniusunki's General Store.
  1158 | D        | Noticed a deep troll
  1176 | D        | Killed a deep troll
  1177 | D        | Reached skill level 1 in Throwing
  1177 | D        | Reached XP level 8. HP: 71/83 MP: 8/8
  1211 | D        | Found Ulooru's Armour Emporium.
  1353 | D        | Found a burning altar of Makhleb.
  1353 | D        | Found a viscous altar of Jiyva.
  1353 | D        | Found a shimmering altar of Xom.
  1353 | D        | Found a corrupted altar of Lugonu.
  1353 | D        | Noticed a slime creature
  1367 | D        | Killed a slime creature
  1367 | D        | Reached *** piety under Trog
  1368 | D        | Reached skill level 12 in Fighting
  1368 | D        | Reached skill level 10 in Dodging
  1520 | D        | Noticed a kobold demonologist
  1521 | D        | Noticed a kobold demonologist
  1525 | D        | Paralysed by a floating eye for 3 turns
  1539 | D        | Killed a kobold demonologist
  1540 | D        | Reached XP level 9. HP: 90/90 MP: 9/9
  1544 | D        | Killed a kobold demonologist
  1544 | D        | Reached **** piety under Trog
  1545 | D        | Reached skill level 5 in Stealth
  1620 | D        | Noticed a centaur warrior
  1622 | D        | Noticed a centaur warrior
  1627 | D        | Killed a centaur warrior
  1644 | D        | Killed a centaur warrior
  1645 | D        | Reached skill level 13 in Fighting
  2028 | D        | Noticed an oklob plant
  2037 | D        | Killed an oklob plant
  2037 | D        | Reached ***** piety under Trog
  2038 | D        | Reached XP level 10. HP: 101/101 MP: 10/10
  2481 | D        | Received a gift from Trog
  2695 | D        | Reached skill level 5 in Throwing
  2699 | D        | Reached skill level 14 in Fighting
  2824 | D        | Reached skill level 15 in Maces & Flails
  2824 | D        | Reached ****** piety under Trog
  2831 | D        | Received a gift from Trog
  2831 | D        | Found the +9 sword of Zonguldrok {reap}
  2859 | D        | Found Odudwal's General Store.
  2859 | D        | Found Esak's Book Shop.
  2859 | D        | Found Xeufoel's General Store.
  2861 | D        | Found Hyad's Antique Weapon Emporium.
  2861 | D        | Found Badd's Assorted Antiques.
  2861 | D        | Found Suf Ugge's Weapon Shoppe.
  2861 | D        | Found Ohah's Antique Armour Boutique.
  2861 | D        | Found Ifoiggick's Armour Emporium.
  2861 | D        | Found Qimufroa's Armour Shop.
  2861 | D        | Found Jeaji's Antique Weapon Shoppe.
  2868 | D        | Found Aheutas's Antique Armour Boutique.
  2869 | D        | Found Oteczaimn's Antique Armour Emporium.
  2869 | D        | Found Soetog's Antique Weapon Boutique.
  2870 | D        | Found Umirgh's Jewellery Emporium.
  2879 | D        | Bought the ring "Iclolo" {Fire Fly Str+4 Int+4 Dex+2} for
                  | 716 gold pieces
  2887 | D        | Bought a +2 pair of gloves for 214 gold pieces
  2899 | D        | Bought a potion of heal wounds for 55 gold pieces
  2899 | D        | Bought 2 potions of haste for 220 gold pieces
  2983 | D        | Noticed a gargoyle
  2986 | D        | Received a gift from Trog
  2988 | D        | Killed a gargoyle
  2989 | D        | Reached skill level 15 in Fighting
  3121 | D        | Noticed a lindwurm
  3124 | D        | Killed a lindwurm
  3144 | D        | Reached XP level 11. HP: 110/113 MP: 3/11
  3154 | D        | Received a gift from Trog
  3176 | D        | Reached skill level 10 in Stealth
  3182 | D        | Received a gift from Trog
  3183 | D        | Reached skill level 16 in Fighting
  3264 | D        | Noticed a 12-headed hydra
  3267 | D        | Killed a 12-headed hydra
  3268 | D        | Paralysed by a floating eye for 2 turns
  3393 | D        | Noticed a shadow dragon
  3393 | D        | Noticed a golden dragon
  3406 | D        | Killed a shadow dragon
  3406 | D        | Killed a golden dragon
  3407 | D        | Reached skill level 17 in Fighting
  3507 | D        | Found Piet Bic's Distillery.
  3525 | D        | Bought a potion of heal wounds for 50 gold pieces
  3622 | D        | Bought 3 scrolls of acquirement for 1872 gold pieces
  3622 | D        | Acquired 493 gold pieces
  3626 | D        | Acquired the amulet "Gucibb" {Reflect rC+ Str+4 SH+5 SInv}
  3630 | D        | Acquired 679 gold pieces
  3634 | D        | Acquired the +0 pair of fencer's gloves {Riposte Dex+3}
  3634 | D        | Found the +0 pair of fencer's gloves {Riposte Dex+3}
  3708 | D        | Noticed a lorocyproca
  3727 | D        | Killed a lorocyproca
  3852 | D        | Noticed a deep elf annihilator
  3874 | D        | Received a gift from Trog
  3878 | D        | Noticed a mummy priest
  3881 | D        | Reached skill level 18 in Fighting
  3889 | D        | Killed a deep elf annihilator
  3984 | D        | Reached XP level 12. HP: 103/128 MP: 4/12
  4178 | D        | Bought a scroll labelled ICACLO JAOMIYG for 21 gold pieces
  4178 | D        | Bought a fuming brown potion for 18 gold pieces
  4178 | D        | Bought a dark potion for 18 gold pieces
  4178 | D        | Bought a potion of curing for 63 gold pieces
  4180 | D        | Bought a potion of curing for 33 gold pieces
  4180 | D        | Bought a wand of iceblast (6) for 110 gold pieces
  4180 | D        | Bought a scroll of immolation for 38 gold pieces
  4180 | D        | Bought a box of beasts for 440 gold pieces
  4181 | D        | Bought a potion of curing for 33 gold pieces
  4181 | D        | Bought 2 potions of haste for 220 gold pieces
  4228 | D        | Bought a potion of attraction for 33 gold pieces
  4228 | D        | Bought a potion of attraction for 33 gold pieces
  4228 | D        | Bought a potion of curing for 33 gold pieces
  4251 | D        | Bought a potion of haste for 120 gold pieces
  4251 | D        | Bought a scroll of identify for 24 gold pieces
  4741 | D        | Noticed a deep elf master archer
  4756 | D        | Killed a mummy priest
  4757 | D        | Reached skill level 1 in Shields
  4760 | D        | Shot with an arrow by a deep elf master archer

Illustrated notes

Levels and vault maps discovered:
D:        dungeon_sprint_1 [red_sonja_temple_1, red_sonja_temple_small_1]

Skill      XL: |  1  2  3  4  5  6  7  8  9 10 11 12 |
---------------+-------------------------------------+-----
Fighting       | 4 6 8 11 12 13 15 18 | 18.6
Maces & Flails | 4 6 8 11 12 14 15 17 | 17.6
Dodging        | 4 5 6 7 9 10 11 13 | 13.6
Stealth        | 3 4 7 9 11 | 11.6
Evocations     | 1 2 3 |  3.7
Throwing       | 1 2 4 5 |  5.8
Shields        | 1 |  1.1

Action                   |  1- 3 |  4- 6 |  7- 9 | 10-12 || total
-------------------------+-------+-------+-------+-------++-------
Melee: Mace              |     7 |    16 |    56 |    31 ||   110
       Tailslap          |     1 |     1 |    18 |    29 ||    49
       Punch             |       |       |     1 |       ||     1
       Dire flail        |       |       |       |   147 ||   147
Throw: Dart              |       |       |     9 |     2 ||    11
       Boomerang         |       |       |     3 |     9 ||    12
Invok: Berserk           |     2 |     3 |     5 |     6 ||    16
       Brothers in Arms  |       |       |       |     2 ||     2
 Abil: Breathe Noxious F |       |       |     5 |     4 ||     9
Evoke: Wand              |       |     3 |     1 |     1 ||     5
  Use: Potion            |       |       |       |     1 ||     1
       Scroll            |       |       |       |     7 ||     7
 Stab: Confused          |       |       |     4 |     2 ||     6
       Sleeping          |       |       |     1 |     4 ||     5
Armor: Skin              |       |     3 |     9 |    31 ||    43
Dodge: Dodged            |     3 |     5 |    20 |    98 ||   126
Block: Other             |       |       |       |     6 ||     6
       Rpst.: Dire flail |       |       |       |     7 ||     7

Table legend: (Time is in decaauts)
 A = Elapsed time spent in this place.
 B = Non-inter-level travel time spent in this place.
 C = Inter-level travel time spent in this place.
 D = Time resting spent in this place.
 E = Time spent auto-exploring this place.
 F = Levels seen in this place.
 G = Mean time per level.
                   A        B        C        D        E       F      G
               +--------+--------+--------+--------+--------+-----+--------+
         Total |   4829 |   4829 |      0 |   3071 |      1 |   1 | 4829.0 |
       Dungeon |   4829 |   4829 |      0 |   3071 |      1 |   1 | 4829.0 |
               +--------+--------+--------+--------+--------+-----+--------+

Top non-repeatable levels by time:
       D: 4829 daAuts
